Map: Ulrena

Players

Zar - Winner!

  • Race: Protoss Protoss
  • Spawn Location: 11:00

zidar

  • Race: Zerg Zerg
  • League: Silver
  • Spawn Location: 7:00

VOD

Have the link to the VOD?

Description

Time

  • Played on: Nov. 21, 2015, 6:12 a.m.
  • Length: 6:47
Show
View Real Time Build Order
Export as new Build Order

Zar Protoss - Winner!

Build Orders: Nexus First 

Get SALT Encoding   

  12  0:02  Probe (Chrono Boost)  
  13  0:13  Probe (Chrono Boost)  
  14  0:20  Pylon  
  14  0:24  Probe (Chrono Boost)  
  15  0:40  Probe (Chrono Boost)  
  16  0:59  Nexus  
  16  1:03  Probe (Chrono Boost)  
  17  1:13  Probe (Chrono Boost)  
  18  1:24  Probe (Chrono Boost)  
  18  1:25  Gateway  
  19  1:41  Assimilator  
  19  1:50  Pylon  
  19  1:54  Assimilator  
  19  1:55  Probe (Chrono Boost)  
  20  2:15  Cybernetics Core  
  20  2:17  Zealot  
  22  2:29  Probe (Chrono Boost)  
  23  2:31  Probe (Chrono Boost)  
  24  2:40  Probe (Chrono Boost)  
  24  2:42  Probe (Chrono Boost)  
  26  2:50  Probe (Chrono Boost), Pylon  
  26  2:51  Probe (Chrono Boost)  
  27  2:52  Warp Gate (Chrono Boost)  
  28  3:02  Probe  
  29  3:09  Robotics Facility  
  29  3:14  Probe  
  29  3:16  Assimilator  
  29  3:19  Mothership Core  
  30  3:21  Assimilator  
  30  3:26  Probe  
  33  3:29  Adept  
  35  3:36  Gateway  
  35  3:38  Gateway, Probe  
  36  3:46  Probe  
  37  3:57  Immortal  
  37  3:59  Pylon  
  41  4:11  Pylon  
  41  4:15  Pylon  
  41  4:28  Pylon  
  41  4:36  Pylon  
  41  4:49  Stalker x2  
  45  4:52  Gateway  
  45  4:55  Gateway  
  45  5:04  Probe  
  46  5:08  Probe  
  47  5:16  Immortal (Chrono Boost)  
  47  5:20  Probe  
  52  5:30  Adept x2  
  56  5:42  Gateway  
  56  5:47  Adept  
  58  5:51  Sentry  
  60  6:05  Adept x3  
  60  6:10  Immortal (Chrono Boost)  
  70  6:27  Stalker  
  70  6:28  Stalker  
  70  6:29  Adept  
  76  6:33  Pylon  
Show
View Real Time Build Order
Export as new Build Order

zidar Zerg 

Build Orders: Hatch First 

Get SALT Encoding   

  12  0:01  Drone  
  13  0:12  Overlord  
  13  0:17  Drone  
  14  0:30  Drone x2  
  16  0:42  Drone  
  17  0:58  Hatchery  
  16  1:05  Drone x2  
  18  1:23  Spawning Pool  
  18  1:24  Drone  
  17  1:34  Extractor  
  16  1:58  Drone x2  
  18  2:01  Hatchery  
  18  2:04  Overlord  
  17  2:14  Queen  
  19  2:27  Queen  
  21  2:31  Drone  
  22  2:55  Roach Warren, Lair  
  21  3:03  Extractor  
  21  3:05  Drone x2  
  22  3:16  Queen  
  24  3:23  Drone x2  
  26  3:30  Drone x2  
  28  3:51  Drone x3  
  28  3:52  Drone x3  
  34  4:04  Hydralisk Den  
  33  4:17  Drone x6  
  39  4:27  Extractor  
  39  4:28  Extractor  
  37  4:36  Evolution Chamber  
  37  4:37  Evolution Chamber  
  35  4:53  Drone x2  
  35  4:54  Drone x3  
  40  5:02  Overlord x3  
  40  5:04  Overlord  
  40  5:19  Lurker Den  
  40  5:26  Roach x3  
  46  5:33  Drone x2  
  46  5:35  Drone x2  
  50  5:37  Drone  
  50  5:38  Drone  
  52  5:46  Drone x4  
  56  6:09  Drone  
  56  6:10  Drone x5  
  62  6:26  Roach x2  
  62  6:29  Overlord x3  
Tags
 
League
Silver
Matchup
PvZ
Spawn Locations
Close Positions
Add a new tag
Caveats
  • Supply blocks, unpowered buildings, or Contaminate may cause inaccurate times.
  • Supply counts are checked every 10 seconds.